 Dungeon Crawl Stone Soup version 0.19.1-1-g22dce08 (webtiles) character file.

175 theAP the Cudgeler (level 5, -1/34 HPs)
             Began as a Gargoyle Fighter on Jan 3, 2017.
             Was an Initiate of Qazlal.
             Slain by theAP's ghost (10 damage)
             ... on level 4 of the Dungeon.
             The game lasted 00:09:03 (2966 turns).

theAP the Cudgeler (Gargoyle Fighter)               Turns: 2966, Time: 00:09:03

Health: -1/34      AC: 10    Str: 21    XL:     5   Next: 55%
Magic:  5/5        EV:  7    Int:  8    God:    Qazlal [......]
Gold:   111        SH: 11    Dex:  9    Spells: 0 memorised, 4 levels left

rFire  . . .     SeeInvis .     a - +0 flail
rCold  . . .     Gourm    .     b - +0 scale mail
rNeg   + . .     Faith    .     c - +2 shield
rPois  ∞         Spirit   .     (no helmet)
rElec  +         Reflect  .     (no cloak)
rCorr  .         Harm     .     (no gloves)
MR     .....                    (no boots)
Stlth  ..........               (no amulet)
                                (no ring)
                                (no ring)

@: no status effects
A: negative energy resistance 1, electricity resistance, unbreathing,
petrification resistance, rot immunity, AC +4
a: Renounce Religion


You were on level 4 of the Dungeon.
You worshipped Qazlal.
Qazlal was noncommittal.
You were not hungry.

You visited 1 branch of the dungeon, and saw 4 of its levels.

You collected 111 gold pieces.

Inventory:

Hand Weapons
 a - a +0 flail (weapon)
 q - a +0 vampiric whip
 t - a -2 whip
Armour
 b - a +0 scale mail (worn)
 c - a +2 shield (worn)
Jewellery
 g - an uncursed ring of teleportation
Wands
 e - a wand of polymorph (9/24)
Scrolls
 h - a scroll of teleportation
 j - a scroll of fear
 l - a scroll of identify
 u - a scroll of enchant weapon {unknown}
Potions
 d - 2 potions of might
 i - a potion of agility
 k - a potion of lignification {unknown}
 o - a potion of curing
 s - 2 potions of brilliance
Comestibles
 f - 3 bread rations
 m - a meat ration
 n - 3 chunks of flesh
 p - a slice of pizza
 r - a royal jelly


   Skills:
 + Level 4.5 Fighting
 * Level 4.5 Maces & Flails
 - Level 3.4 Armour
 - Level 3.5 Shields


You had 4 spell levels left.
You didn't know any spells.

Dungeon Overview and Level Annotations

Branches:
Dungeon (4/15)
 Temple: D:4-7

Altars:
Gozag
Hepliaklqana
Makhleb
Okawaru
Qazlal
Trog
Uskayaw
Xom
Zin

Annotations:
D:4 theAP's ghost, novice GrFi


Innate Abilities, Weirdness & Mutations

You are resistant to torment.
Your stone body is resilient. (AC +4)
You are immune to poison.
You resist negative energy. (rN+)
You are resistant to electric shocks. (rElec)
You can survive without breathing.
You are immune to petrification.
You are immune to rotting.


Message History

TheAP's ghost hits you but does no damage.
You barely miss theAP's ghost.
TheAP's ghost is almost destroyed.
TheAP's ghost hits you but does no damage.
TheAP's ghost closely misses you.
You barely miss theAP's ghost.
TheAP's ghost is almost destroyed.
TheAP's ghost hits you.
You hit theAP's ghost.
TheAP's ghost is almost destroyed.
TheAP's ghost hits you but does no damage.
You barely miss theAP's ghost.
TheAP's ghost is almost destroyed.
TheAP's ghost screams, "Don't try to defend!
You have no chance!"
TheAP's ghost hits you!
* * * LOW HITPOINT WARNING * * *
You hit theAP's ghost but do no damage.
TheAP's ghost is almost destroyed.
TheAP's ghost hits you!
You die...

#########8...8
.#.....##.....
##.....#>..... ## .
##....###..... ..#.
......###8...8 ..' ##...##
#8## ..#
##...###############..#
......#....#..........#
......'....#....@W....#
##....#...###'####....#
##+####...##....##....#
##...##..................
..........................
...............)..........
##########################


You could see theAP's ghost.

Vanquished Creatures
  Jessica (D:3)
  3 gnolls (D:2)
  2 adders
  2 oozes (D:1)
  2 worms
  A dart slug (D:1)
  2 leopard geckos
  8 orcs
  A ball python (D:1)
  7 bats
  4 giant cockroaches
  8 goblins
  6 hobgoblins
  7 jackals
  12 kobolds
  3 frilled lizards
  7 rats
76 creatures vanquished.

Notes
Turn   | Place    | Note
-------+----------+-------------------------------------------
     0 | D:1      | theAP the Gargoyle Fighter began the quest for the Orb.
     0 | D:1      | Reached XP level 1. HP: 14/14 MP: 1/1
    85 | D:1      | Reached XP level 2. HP: 19/19 MP: 2/2
   487 | D:1      | Reached XP level 3. HP: 21/23 MP: 3/3
  1128 | D:2      | Reached XP level 4. HP: 4/29 MP: 4/4
  1868 | D:3      | Found an opulent altar of Gozag.
  1881 | D:3      | Found a glowing silver altar of Zin.
  1881 | D:3      | Found a shimmering altar of Xom.
  1881 | D:3      | Found an iron altar of Okawaru.
  1881 | D:3      | Found a burning altar of Makhleb.
  1882 | D:3      | Found a hide-covered altar of Uskayaw.
  1883 | D:3      | Found a bloodstained altar of Trog.
  1929 | D:3      | Found a stormy altar of Qazlal.
  1937 | D:3      | Became a worshipper of Qazlal Stormbringer
  2257 | D:3      | Reached XP level 5. HP: 33/33 MP: 5/5
  2349 | D:3      | Noticed Jessica
  2373 | D:3      | Killed Jessica
  2842 | D:4      | Found a hazy altar of Hepliaklqana.
  2935 | D:4      | Noticed theAP's ghost (novice GrFi)
  2966 | D:4      | Slain by theAP's ghost

Skill      XL: |  1  2  3  4 |
---------------+-------------+-----
Maces & Flails | 3 4 |  4.5
Fighting       | 4 |  4.5
Armour         | |  3.4
Shields        | |  3.5

Action                   |  1- 3 |  4- 6 || total
-------------------------+-------+-------++-------
Melee: Flail             |   111 |   203 ||   314
  Use: Potion            |     1 |     2 ||     3
       Scroll            |       |    13 ||    13
  Eat: Chunk             |     1 |     6 ||     7
Armor: Scale mail        |    56 |   100 ||   156
Dodge: Dodged            |    36 |    63 ||    99
Block: Shield            |    61 |   135 ||   196
